Arrhythmia, chaotic female vampiric Convict ----- --------- |)..--- ------.......-- ------- --------------- |)[...---|)........--..| |.....| ------- |.............| --..|)...|.---------|..| |.(_..| |>...(| --|---|--.----+| --.|-.....--- ---- |.....| --- --....|--- |..|...|-.|.-..| --- ...(....|--- ----- ---|--- +.| -..|..---|..|--|-..--|..| --.*....|..----...-- |.| |.| --|-.....-.--.....)..--|| ###....-[.|....|.....---- |.| |.|--- -......--................| -- |.(|.............---.-- |....| .....%.-|..--------|--..-- !. #........---...........--- |.|..| ........|--|aa.....@.|..-- .. |........|...|...........-- |.|..| -.......| |.@_.!??%.|...| |- ------....-------...---......-|.|------....--- -----------...| ---...-|...-|..| --...|..---...|.--..|...|....|------ |.......-- ........|..--|..| --.....|-....|........---...-|..((| |.------- .............-|---+-----..--..........--....|-...-.(((| |.|...| ...{....----...............|...`.......|-...|...-|.(((| |.|...| ........-- --+--.---------.......).--..|........|------ |.--|------- .........| --.))...)-----|...|....---------.....|....| ..------- ---...--- --..|...--......|......-.)-|| ----- -----.....----........|..|(| ----- --------------- Arrhythmia the Jail-bird Experience level: 9 Strength: 16 Dexterity: 10 Constitution: 18 Intelligence: 11 Wisdom: 9 Charisma: 11 Health: 0(80) Energy: 51(51) AC: -4 Gold: 0 Moves: 5301 Your Inventory: Armor b - a cursed +0 striped shirt (being worn) C - an [uncursed] +0 dwarvish mithril-coat (being worn) D - an [uncursed] +0 hard hat [dwarvish iron helm] (being worn) E - an [uncursed] +1 cloak of displacement (being worn) G - an [uncursed] +0 blue and green shield [elven] (being worn) H - an [uncursed] +0 pair of elven boots (being worn) L - an [uncursed] +0 pair of gloves called Reg [leather] (being worn) N - an [uncursed +0] mummy wrapping Scrolls l - a [cursed] scroll of teleportation m - a [cursed] scroll labeled MAPIRO MAHAMA DIROMAT [of flood] K - an [uncursed] scroll of teleportation S - an [uncursed] scroll labeled ELAM EBOW [of create monster] X - an [uncursed] unlabeled scroll [of blank paper] Y - a [blessed] unlabeled scroll [of blank paper] Rings V - an [uncursed] granite ring [of conflict] Tools f - an [uncursed] bag called Sack [oilskin sack] O - an [uncursed +0 thirsty] unicorn horn T - an [uncursed] lock pick W - an [uncursed tallow] candle Z - an [uncursed] bag of tricks [0:12] Iron balls c - an [uncursed] heavy iron ball (chained to you) (weapon in hand) Contents of the oilskin sack: a [blessed +5] dagger an [uncursed +0] hooded cloak [of cold resistance (dwarvish)] an [uncursed +0] leather hat [elven leather helm] an [uncursed +0] leather hat [elven leather helm] an [uncursed] Hot Futa Mare Dick a [cursed] iron ring [of teleportation] an [uncursed] alabaster wand [of create monster (0:15)] an [uncursed] blindfold an [uncursed] skeleton key an [uncursed] violet gem [worthless glass] Spells known in the end: Name Level Category Fail Memory Your skills at the end: Fighting Skills Weapon Skills flail [Basic / Expert] sling [Basic / Skilled] Spellcasting Skills Final Attributes: You had transgressed. Hunger level was -280. Your alignment was -17 / 36. Monster difficulty range was 1 - 8. Level difficulty was 7. You were immune to poison. You were immune to level-drain. You were immune to sickness. You were punished. You saw invisible. You were displaced. You were stealthy. You could fly. You could survive without air. You regenerated. Your luck was zero. You are dead. Vanquished creatures: a watch captain 2 small mimics a gelatinous cube 8 watchmen a chameleon a giant spider a gnome king 2 lizards a chickatrice a dog a housecat a blue jelly 2 white unicorns 2 dust vortices a snake 4 Woodland-elves a rock piercer a rock mole a fog cloud a yellow light 9 gnome lords 2 gnomish wizards 2 kobold mummies 2 black naga hatchlings a gray ooze 4 elf zombies a ghoul a paper golem a giant ant 3 floating eyes 10 dwarves a kobold shaman 10 hill orcs 4 rothes a rabid rat a giant bat a wererat an iguana a killer bee an acid blob a gas spore 4 hobbits a large kobold a giant rat a cave spider a brown mold a yellow mold a red mold 37 gnomes 3 geckos 2 jackals a fox 2 goblins a sewer rat 8 grid bugs a lichen 2 kobold zombies 5 newts 164 creatures vanquished. Voluntary challenges: You went without food. You never hit with a wielded weapon. You read items or engraved 3 times. You put on armor 10 times. You never genocided any monsters. You never polymorphed an object. You never changed form. You used no wishes. You abstained from Elbereth's help. You never encountered a bones level. You never used any Sokoban shortcuts. Dungeon overview: The Dungeons of Doom: levels 1 to 3 Level 1 a long staircase Level 3 stairs to The Gnomish Mines The Gnomish Mines: levels 4 to 7 Level 4 stairs to The Dungeons of Doom Level 6 (magic trap) Level 7 <- You were here some shops, a temple, a magic chest, a fountain History has recorded: On T:1 you entered the Dungeons of Doom to retrieve the Amulet of Yendor! On T:350 you reached level 2 of The Dungeons of Doom. On T:351 you advanced to experience level 2. On T:634 you advanced to experience level 3. On T:717 you advanced to experience level 4. On T:984 you reached level 3 of The Dungeons of Doom. On T:1170 you reached level 1 of The Gnomish Mines. On T:1177 you advanced to experience level 5. On T:1365 you advanced to experience level 6. On T:1613 you reached level 2 of The Gnomish Mines. On T:1853 you advanced to experience level 7. On T:2143 you reached level 3 of The Gnomish Mines. On T:2887 you reached level 4 of The Gnomish Mines. On T:2936 you advanced to experience level 8. On T:3649 you advanced to experience level 9. Latest messages: [HP-29=45] The soldier ant bites! The soldier ant misses. The soldier ant just misses! The soldier ant stings! [HP-7=38] The soldier ant misses. The soldier ant stings! The soldier ant misses. The soldier ant stings! The soldier ant bites! The soldier ant stings! The soldier ant bites! The soldier ant stings! [HP-25=13] The soldier ant misses. (3x) The soldier ant stings! The soldier ant bites! The soldier ant stings! The soldier ant bites! The soldier ant stings! You die... Adjama comes and takes all your possessions. Final status: Goodbye Arrhythmia the Convict... You died in The Gnomish Mines on dungeon level 7 with 9786 points, and 0 pieces of gold, after 5301 moves. You were level 9 with a maximum of 80 hit points when you died.